Canadiens vs Red Wings (R1)

Created - 9 octobre 2014 at 20:13

Goals
1 2 3 T
Canadiens 0 0 1 1
Red Wings 0 4 2 6
Shots
1 2 3 T
Canadiens 11 8 5 24
Red Wings 13 16 14 43

1st period

No Goal

Penalties :
Ossi Vaananen (Det) for Roughing (Minor) at 5:17, Ryan Callahan (Mon) for Interference (Minor) at 8:53, Nicklas Lidstrom (Mon) for Hooking (Minor) at 14:02

2nd period

1. Red Wings , Mike Richards 5 (Shea Weber) at 12:33
2. Red Wings , Michal Grosek 2 (Shawn Horcoff, Carson Mcmillan) at 17:40
3. Red Wings , Mike Brown 2 (Mike Richards, Martin Havlat) at 19:32
4. Red Wings , Rick Nash 8 (Paul Martin) at 19:49 (PP)

Penalties :
Robert Dome (Det) for Holding (Minor) at 6:30, Ryan Callahan (Mon) for Tripping (Minor) at 9:21, Miika Kiprusoff (Mon) for Delaying the game (Minor) at 14:16 - Dennis Wideman served the penalty, Mike Ribeiro (Mon) for Hooking (Minor) at 19:35, Paul Martin (Det) for Fighting (Major) at 19:54, Dennis Wideman (Mon) for Fighting (Major) at 19:54

3rd period

5. Red Wings , Martin Havlat 3 (Jason Spezza) at 5:57 (PP)
6. Red Wings , Mike Richards 6 (Paul Martin, Mike Brown) at 14:57 (PP)
7. Canadiens , Michel Ouellet 3 (Mike York, Brett Clark) at 17:41

Penalties :
Shea Weber (Det) for Fighting (Major) at 0:09, Radim Vrbata (Mon) for Fighting (Major) at 0:09, Radim Vrbata (Mon) for instigated a fight (Minor) at 0:09, Radim Vrbata (Mon) for instigated a fight (10 Minutes Misconduct) at 0:09, Riley Cote (Mon) for Hooking (Minor) at 5:51, Brett Clark (Mon) for High sticking (Minor) at 7:02, Petr Pohl (Det) for Hooking (Minor) at 10:26, Mike Ribeiro (Mon) for Hooking (Minor) at 14:19, Brett Clark (Mon) for Hooking (Minor) at 18:38

Goalie Stats

Miika Kiprusoff (Mon), 37 saves from 43 shots - (0,860), L, 1-3-0, 60:00 minutes
Scott Clemmensen (Det), 23 saves from 24 shots - (0,958), W, 1-2-0, 60:00 minutes

Players Stats for Canadiens

Player Name              G  A  P  +/- PIM S  H  SB GA TA FO     MP     PP MP  PK MP  
------------------------------------------------------------------------------------
Brett Clark              0  1  1   0  4   0  1  2  0  0  0/0    20:38   2:29   4:08 
Cody Franson             0  0  0   0  0   1  0  0  0  0  0/0    12:37   0:00   3:47 
Dennis Wideman           0  0  0  -2  5   6  2  2  0  0  0/0    25:03   3:28   6:06 
Jamie Lundmark           0  0  0   0  0   2  0  0  0  0  2/4     4:37   0:00   0:03 
Josh Gorges              0  0  0   0  0   0  0  0  1  1  0/0    20:57   2:29   5:29 
Matt Carle               0  0  0   0  0   0  0  1  0  1  0/0    10:02   0:00   0:00 
Michel Ouellet           1  0  1   0  0   1  0  0  0  1  2/2    13:37   2:41   0:00 
Mike Ribeiro             0  0  0  -1  4   2  1  1  1  0  14/31  22:56   3:05   7:56 
Mike York                0  1  1   0  0   3  2  1  0  0  0/0    18:54   2:41   5:04 
Nicklas Lidstrom         0  0  0  -1  2   3  1  2  1  0  0/0    27:16   3:28   7:13 
Patrick Marleau          0  0  0  -1  0   0  3  2  1  1  10/21  27:26   3:03   8:46 
Pierre-Luc Létourneau    0  0  0   0  0   0  0  0  0  0  0/0     7:39   0:00   2:27 
Pierre-Marc Bouchard     0  0  0  -1  0   2  0  0  0  0  2/6    14:12   0:13   0:00 
Radim Vrbata             0  0  0  -1  17  0  0  0  0  0  1/1    12:31   3:05   0:00 
Riley Cote               0  0  0  -1  2   2  4  1  1  1  0/0    12:37   0:11   0:23 
Ryan Callahan            0  0  0  -1  4   1  0  1  0  0  0/0    12:19   0:11   0:00 
Saku Koivu               0  0  0   0  0   1  1  0  0  0  5/12   17:33   2:41   3:47 
T.J. Fast                0  0  0  -1  0   0  1  0  0  0  0/0     4:43   0:00   1:43 

Players Stats for Red Wings

Player Name              G  A  P  +/- PIM S  H  SB GA TA FO     MP     PP MP  PK MP  
------------------------------------------------------------------------------------
Alex Picard              0  0  0   0  0   1  2  0  0  0  0/0     7:39   0:00   1:03 
Brian Sutherby           0  0  0   0  0   2  2  0  0  0  1/3     7:13   0:00   0:37 
Carson Mcmillan          0  1  1   1  0   0  2  0  0  1  1/2    10:53   0:00   0:00 
Christian Laflamme       0  0  0   2  0   1  3  2  0  0  0/0    16:48   1:14   2:07 
Jason Spezza             0  1  1  -1  0   5  1  0  0  0  21/43  24:39   7:57   2:58 
Martin Havlat            1  1  2  -1  0   3  5  1  1  0  2/4    23:32   7:57   1:47 
Maxim Kondratiev         0  0  0   0  0   0  3  0  0  0  0/0    17:11   6:25   0:00 
Michal Grosek            1  0  1   1  0   4  1  0  0  0  0/1    10:53   0:00   0:00 
Mike Brown               1  1  2   2  0   5  1  0  1  0  0/0    14:42   6:16   0:00 
Mike Richards            2  1  3   2  0   9  0  1  1  1  11/13  16:57   6:16   1:47 
Ossi Vaananen            0  0  0   2  2   0  2  3  1  0  0/0    17:01   0:45   1:37 
Paul Martin              0  2  2   0  5   0  2  3  1  2  0/0    24:55   7:03   3:50 
Petr Pohl                0  0  0   0  2   3  0  0  0  0  1/2     6:34   0:00   0:00 
Richard Jackman          0  0  0   0  0   1  1  0  0  1  0/0    17:04   5:56   0:30 
Rick Nash                1  0  1  -1  0   6  1  0  0  0  0/1    24:43   7:57   3:02 
Robert Dome              0  0  0   2  2   0  1  0  0  0  0/1    15:45   6:16   0:40 
Shawn Horcoff            0  1  1   1  0   2  0  1  0  0  4/7    10:53   0:00   0:00 
Shea Weber               0  1  1   0  5   1  1  2  0  0  0/0    26:36   7:03   3:50 

3 Stars

1 - Mike Richards (Det)
2 - Mike Brown (Det)
3 - Martin Havlat (Det)

Power Play

Canadiens - 0 on 3 Attempt(s) - 0,00%
Red Wings - 3 on 10 Attempt(s) - 30,00%

Penalty Kill

Canadiens - 7 on 10 Attempt(s) - 70,00% - Score 0 goal in Penalty Kill
Red Wings - 3 on 3 Attempt(s) - 100,00% - Score 0 goal in Penalty Kill

Official

Referees : Walsh Ian and Fraser Kerry
Linesman : Pierre Champoux and Darren Gibbs

Game Notes

9:37 of 2nd period - Red Wings goal is going for a video replay. After video review, No Goal. The puck has entered the net after making contact with an attacking player’s stick that is above the height of the crossbar.
Paul Martin beats up Dennis Wideman at 19:54 of 2nd period
Radim Vrbata beats up Shea Weber at 0:09 of 3rd period

Finance

Level 1 -- Attendance: 5174 (86,23%) -- Ticket Income 455 312 $
Level 2 -- Attendance: 4963 (99,26%) -- Ticket Income 258 076 $
Level 3 -- Attendance: 1871 (93,55%) -- Ticket Income 58 001 $
Level 4 -- Attendance: 3915 (97,88%) -- Ticket Income 78 300 $
Luxury Box -- Attendance: 969 (96,90%) -- Ticket Income 164 730 $
Game was played at the Joe Louis Arena
Total Attendance: 16892 (93,84%)
Total Ticket Income: 1 014 419 $
Other Income: 152 163 $
Total Income: 1 166 582 $

Canadiens

5 vs 5 Forward 
   Center                   Left Wing                Right Wing               Time % Phy DF OF 
 1 Mike Ribeiro             Patrick Marleau          Radim Vrbata             40     1   2  2  
 2 Saku Koivu               Mike York                Michel Ouellet           30     1   2  2  
 3 Pierre-Marc Bouchard     Riley Cote               Ryan Callahan            20     1   2  2  
 4 Jamie Lundmark           Pierre-Luc Létourneau    Patrick Marleau          10     1   2  2  

5 vs 5 Defense 
   Defense                  Defense                                           Time % Phy DF OF 
 1 Dennis Wideman           Nicklas Lidstrom                                  40     1   2  2  
 2 Brett Clark              Josh Gorges                                       30     1   2  2  
 3 Matt Carle               Cody Franson                                      20     1   2  2  
 4 T.J. Fast                Dennis Wideman                                    10     1   2  2  

PowerPlay Forward 
   Center                   Left Wing                Right Wing               Time % Phy DF OF 
 1 Mike Ribeiro             Patrick Marleau          Radim Vrbata             60     1   2  2  
 2 Saku Koivu               Mike York                Michel Ouellet           40     1   2  2  

PowerPlay Defense
   Defense                  Defense                                           Time % Phy DF OF 
 1 Dennis Wideman           Nicklas Lidstrom                                  60     1   2  2  
 2 Brett Clark              Josh Gorges                                       40     1   2  2  

Penalty Kill 4 Players Forward 
   Center                   Wing                     Time % Phy DF OF 
 1 Patrick Marleau          Mike Ribeiro             60     1   2  2  
 2 Saku Koivu               Mike York                40     1   2  2  

Penalty Kill 4 Players Defense
   Defense                  Defense                  Time % Phy DF OF 
 1 Dennis Wideman           Nicklas Lidstrom         60     1   2  2  
 2 Brett Clark              Josh Gorges              40     1   2  2  

Penalty Kill - 3 Players Forward 
   Forward                                           Time % Phy DF OF 
 1 Patrick Marleau                                   60     1   2  2  
 2 Mike Ribeiro                                      40     1   2  2  

Penalty Kill - 3 Players Defense
   Defense                  Defense                  Time % Phy DF OF 
 1 Dennis Wideman           Nicklas Lidstrom         60     1   2  2  
 2 Brett Clark              Josh Gorges              40     1   2  2  

4 vs 4 Forward 
   Center                   Wing                     Time % Phy DF OF 
 1 Patrick Marleau          Mike Ribeiro             60     1   2  2  
 2 Saku Koivu               Mike York                40     1   2  2  

4 vs 4 Defense
   Defense                  Defense                  Time % Phy DF OF 
 1 Dennis Wideman           Nicklas Lidstrom         60     1   2  2  
 2 Brett Clark              Josh Gorges              40     1   2  2  

Last Minutes Offensive
   Center                   Left Wing                Right Wing               Defense                  Defense                  
   Mike Ribeiro             Patrick Marleau          Radim Vrbata             Dennis Wideman           Nicklas Lidstrom         

Last Minutes Defensive
   Center                   Left Wing                Right Wing               Defense                  Defense                  
   Mike Ribeiro             Patrick Marleau          Radim Vrbata             Dennis Wideman           Nicklas Lidstrom         

Goaltenders
Starting : Miika Kiprusoff          
Backup : Jaroslav Halak           

Extra Forwards
Normal : Pierre-Marc Bouchard, Riley Cote, Pierre-Luc Létourneau - PP : Pierre-Marc Bouchard, Riley Cote - PK : Pierre-Luc Létourneau
Extra Defensemen
Normal : Matt Carle, Cody Franson, T.J. Fast - PP : Matt Carle - PK : Cody Franson, T.J. Fast
Penalty Shots
Patrick Marleau, Mike Ribeiro, Saku Koivu, Mike York, Pierre-Marc Bouchard

Red Wings

5 vs 5 Forward 
   Center                   Left Wing                Right Wing               Time % Phy DF OF 
 1 Jason Spezza             Rick Nash                Martin Havlat            40     1   2  2  
 2 Mike Richards            Robert Dome              Mike Brown               30     1   2  2  
 3 Shawn Horcoff            Michal Grosek            Carson Mcmillan          20     1   2  2  
 4 Brian Sutherby           Alex Picard              Petr Pohl                10     1   2  2  

5 vs 5 Defense 
   Defense                  Defense                                           Time % Phy DF OF 
 1 Shea Weber               Paul Martin                                       40     1   2  2  
 2 Ossi Vaananen            Christian Laflamme                                30     1   2  2  
 3 Maxim Kondratiev         Richard Jackman                                   20     1   2  2  
 4 Richard Jackman          Shea Weber                                        10     1   2  2  

PowerPlay Forward 
   Center                   Left Wing                Right Wing               Time % Phy DF OF 
 1 Jason Spezza             Rick Nash                Martin Havlat            60     1   2  2  
 2 Mike Richards            Robert Dome              Mike Brown               40     1   2  2  

PowerPlay Defense
   Defense                  Defense                                           Time % Phy DF OF 
 1 Shea Weber               Paul Martin                                       60     1   2  2  
 2 Richard Jackman          Maxim Kondratiev                                  40     1   2  2  

Penalty Kill 4 Players Forward 
   Center                   Wing                     Time % Phy DF OF 
 1 Jason Spezza             Rick Nash                60     1   2  2  
 2 Mike Richards            Martin Havlat            40     1   2  2  

Penalty Kill 4 Players Defense
   Defense                  Defense                  Time % Phy DF OF 
 1 Shea Weber               Paul Martin              60     1   2  2  
 2 Ossi Vaananen            Christian Laflamme       40     1   2  2  

Penalty Kill - 3 Players Forward 
   Forward                                           Time % Phy DF OF 
 1 Jason Spezza                                      60     1   2  2  
 2 Mike Richards                                     40     1   2  2  

Penalty Kill - 3 Players Defense
   Defense                  Defense                  Time % Phy DF OF 
 1 Shea Weber               Paul Martin              60     1   2  2  
 2 Ossi Vaananen            Christian Laflamme       40     1   2  2  

4 vs 4 Forward 
   Center                   Wing                     Time % Phy DF OF 
 1 Jason Spezza             Rick Nash                60     1   2  2  
 2 Mike Richards            Martin Havlat            40     1   2  2  

4 vs 4 Defense
   Defense                  Defense                  Time % Phy DF OF 
 1 Shea Weber               Paul Martin              60     1   2  2  
 2 Richard Jackman          Maxim Kondratiev         40     1   2  2  

Last Minutes Offensive
   Center                   Left Wing                Right Wing               Defense                  Defense                  
   Jason Spezza             Rick Nash                Martin Havlat            Shea Weber               Paul Martin              

Last Minutes Defensive
   Center                   Left Wing                Right Wing               Defense                  Defense                  
   Jason Spezza             Rick Nash                Martin Havlat            Shea Weber               Paul Martin              

Goaltenders
Starting : Scott Clemmensen         
Backup : Mike McKenna             

Extra Forwards
Normal : Shawn Horcoff, Brian Sutherby, Robert Dome - PP : Shawn Horcoff, Mike Brown - PK : Robert Dome
Extra Defensemen
Normal : Maxim Kondratiev, Ossi Vaananen, Richard Jackman - PP : Maxim Kondratiev - PK : Christian Laflamme, Richard Jackman
Penalty Shots
Jason Spezza, Rick Nash, Mike Richards, Martin Havlat, Shawn Horcoff

% Time on Ice - Canadiens

Lines # - Real PCT - Wanted PCT - Time Play
Normal Forward
1 - 31% - 40% - 12:24
2 - 28% - 30% - 11:05
3 - 30% - 20% - 11:47
4 - 11% - 10% - 4:34
Normal Defense
1 - 42% - 40% - 16:47
2 - 33% - 30% - 12:59
3 - 20% - 20% - 8:01
4 - 5% - 10% - 2:03
PP Forward
1 - 55% - 60% - 3:16
2 - 45% - 40% - 2:41
PP Defense
1 - 58% - 60% - 3:28
2 - 42% - 40% - 2:29
PK Forward
1 - 73% - 60% - 10:26
2 - 27% - 40% - 3:47
PK Defense
1 - 61% - 60% - 8:44
2 - 39% - 40% - 5:29
PK3 Forward
1 - 0% - 60%
2 - 0% - 40%
PK3 Defense
1 - 0% - 60%
2 - 0% - 40%
44 Forward
1 - 0% - 60%
2 - 0% - 40%
44 Defense
1 - 0% - 60%
2 - 0% - 40%
Last Minute Offensive  - 0:00
Last Minute Defensive  - 0:00
Total
Forward - 60:00
Defense - 60:00

% Time on Ice - Red Wings

Lines # - Real PCT - Wanted PCT - Time Play
Normal Forward
1 - 34% - 40% - 13:44
2 - 22% - 30% - 8:54
3 - 27% - 20% - 10:53
4 - 16% - 10% - 6:19
Normal Defense
1 - 45% - 40% - 17:58
2 - 33% - 30% - 13:10
3 - 18% - 20% - 7:16
4 - 4% - 10% - 1:26
PP Forward
1 - 56% - 60% - 7:57
2 - 44% - 40% - 6:16
PP Defense
1 - 64% - 60% - 9:02
2 - 36% - 40% - 5:11
PK Forward
1 - 70% - 60% - 4:10
2 - 30% - 40% - 1:47
PK Defense
1 - 64% - 60% - 3:50
2 - 36% - 40% - 2:07
PK3 Forward
1 - 0% - 60%
2 - 0% - 40%
PK3 Defense
1 - 0% - 60%
2 - 0% - 40%
44 Forward
1 - 0% - 60%
2 - 0% - 40%
44 Defense
1 - 0% - 60%
2 - 0% - 40%
Last Minute Offensive  - 0:00
Last Minute Defensive  - 0:00
Total
Forward - 60:00
Defense - 60:00

Play by Play

1st period


0:01 of 1st period - Jason Spezza wins face-off versus Mike Ribeiro in neutral zone.
0:03 of 1st period - Off-side.
0:04 of 1st period - Jason Spezza wins face-off versus Mike Ribeiro in neutral zone.
0:13 of 1st period - Snap shot by Jason Spezza.
0:13 of 1st period - Stopped by Miika Kiprusoff with a rebound.
1:06 of 1st period - Icing by Michal Grosek.
1:07 of 1st period - Shawn Horcoff wins face-off versus Jamie Lundmark in Red Wings zone.
1:12 of 1st period - Slapshot by Petr Pohl.
1:12 of 1st period - Stopped by Miika Kiprusoff without a rebound.
1:13 of 1st period - Petr Pohl wins face-off versus Jamie Lundmark in Canadiens zone.
1:24 of 1st period - Snap shot by Petr Pohl.
1:24 of 1st period - Shot Misses the Net.
2:00 of 1st period - Snap shot by Mike Brown.
2:00 of 1st period - Shot Blocked by Matt Carle.
2:02 of 1st period - Slapshot by Richard Jackman.
2:02 of 1st period - Stopped by Miika Kiprusoff without a rebound.
2:03 of 1st period - Radim Vrbata wins face-off versus Mike Richards in Canadiens zone.
2:09 of 1st period - Icing by Radim Vrbata.
2:10 of 1st period - Mike Ribeiro wins face-off versus Jason Spezza in Canadiens zone.
2:10 of 1st period - Mike Ribeiro is hit by Martin Havlat.
2:28 of 1st period - Icing by Mike Ribeiro.
2:29 of 1st period - Mike Richards wins face-off versus Mike Ribeiro in Canadiens zone.
2:45 of 1st period - Off-side.
2:46 of 1st period - Saku Koivu wins face-off versus Shawn Horcoff in neutral zone.
2:51 of 1st period - Slapshot by Dennis Wideman.
2:51 of 1st period - Deflect By Shea Weber.
2:51 of 1st period - Stopped by Scott Clemmensen without a rebound.
2:52 of 1st period - Shawn Horcoff wins face-off versus Saku Koivu in Red Wings zone.
3:03 of 1st period - Slapshot by Dennis Wideman.
3:03 of 1st period - Shot Misses the Net.
4:05 of 1st period - Slapshot by Petr Pohl.
4:05 of 1st period - Shot Misses the Net.
4:22 of 1st period - Snap shot by Michal Grosek.
4:22 of 1st period - Shot Blocked by Brett Clark.
4:24 of 1st period - Wrist shot by Michal Grosek.
4:24 of 1st period - Deflect By Shawn Horcoff.
4:24 of 1st period - Shot Misses the Net.
4:24 of 1st period - Puck is out of play.
4:25 of 1st period - Pierre-Marc Bouchard wins face-off versus Michal Grosek in Canadiens zone.
4:32 of 1st period - Snap shot by Ryan Callahan.
4:32 of 1st period - Stopped by Scott Clemmensen with a rebound.
4:34 of 1st period - Slapshot by Dennis Wideman.
4:34 of 1st period - Stopped by Scott Clemmensen without a rebound.
4:35 of 1st period - Pierre-Marc Bouchard wins face-off versus Jason Spezza in Red Wings zone.
4:40 of 1st period - Snap shot by Pierre-Marc Bouchard.
4:40 of 1st period - Stopped by Scott Clemmensen with a rebound.
4:46 of 1st period - Snap shot by Pierre-Marc Bouchard.
4:46 of 1st period - Shot Blocked by Ossi Vaananen.
4:48 of 1st period - Slapshot by Dennis Wideman.
4:48 of 1st period - Stopped by Scott Clemmensen with a rebound.
4:50 of 1st period - Slapshot by Nicklas Lidstrom.
4:50 of 1st period - Shot Blocked by Christian Laflamme.
4:52 of 1st period - Slapshot by Nicklas Lidstrom.
4:52 of 1st period - Stopped by Scott Clemmensen with a rebound.
4:54 of 1st period - Slapshot by Nicklas Lidstrom.
4:54 of 1st period - Stopped by Scott Clemmensen with a rebound.
5:04 of 1st period - Wrist shot by Ryan Callahan.
5:04 of 1st period - Shot Blocked by Ossi Vaananen.
5:06 of 1st period - Slapshot by Dennis Wideman.
5:06 of 1st period - Shot Blocked by Martin Havlat.
5:08 of 1st period - Backhand shot by Nicklas Lidstrom.
5:08 of 1st period - Stopped by Scott Clemmensen with a rebound.
5:10 of 1st period - Backhand shot by Dennis Wideman.
5:10 of 1st period - Shot Blocked by Ossi Vaananen.
5:17 of 1st period - Minor Penalty to Ossi Vaananen for Roughing.
5:18 of 1st period - Mike Ribeiro wins face-off versus Jason Spezza in Red Wings zone.
5:32 of 1st period - Snap shot by Mike Ribeiro.
5:32 of 1st period - Stopped by Scott Clemmensen without a rebound.
5:33 of 1st period - Jason Spezza wins face-off versus Mike Ribeiro in Red Wings zone.
6:26 of 1st period - Off-side.
6:27 of 1st period - Mike Richards wins face-off versus Mike Ribeiro in neutral zone.
6:34 of 1st period - Slapshot by Shea Weber.
6:34 of 1st period - Stopped by Miika Kiprusoff with a rebound.
6:48 of 1st period - Michel Ouellet is hit by Rick Nash and loses puck.
7:17 of 1st period - Penalty to Ossi Vaananen is over, Ossi Vaananen is back on ice.
7:26 of 1st period - Snap shot by Mike Richards.
7:26 of 1st period - Stopped by Miika Kiprusoff with a rebound.
7:28 of 1st period - Wrist shot by Mike Richards.
7:28 of 1st period - Stopped by Miika Kiprusoff without a rebound.
7:29 of 1st period - Carson Mcmillan wins face-off versus Pierre-Marc Bouchard in Canadiens zone.
7:56 of 1st period - Richard Jackman is hit by Patrick Marleau and loses puck.
8:51 of 1st period - Slapshot by Shea Weber.
8:51 of 1st period - Shot Misses the Net.
8:53 of 1st period - Minor Penalty to Ryan Callahan for Interference.
8:54 of 1st period - Jason Spezza wins face-off versus Patrick Marleau in Canadiens zone.
8:57 of 1st period - Wrist shot by Rick Nash.
8:57 of 1st period - Stopped by Miika Kiprusoff without a rebound.
8:58 of 1st period - Patrick Marleau wins face-off versus Martin Havlat in Canadiens zone.
9:37 of 1st period - Wrist shot by Mike Richards.
9:37 of 1st period - Stopped by Miika Kiprusoff without a rebound.
9:38 of 1st period - Mike Richards wins face-off versus Patrick Marleau in Canadiens zone.
10:06 of 1st period - Wrist shot by Martin Havlat.
10:06 of 1st period - Shot Misses the Net.
10:08 of 1st period - Wrist shot by Jason Spezza.
10:08 of 1st period - Stopped by Miika Kiprusoff without a rebound.
10:09 of 1st period - Martin Havlat wins face-off versus Saku Koivu in Canadiens zone.
10:28 of 1st period - Wrist shot by Rick Nash.
10:28 of 1st period - Stopped by Miika Kiprusoff without a rebound.
10:29 of 1st period - Mike Richards wins face-off versus Patrick Marleau in Canadiens zone.
10:53 of 1st period - Penalty to Ryan Callahan is over, Ryan Callahan is back on ice.
10:59 of 1st period - Slapshot by Dennis Wideman.
10:59 of 1st period - Deflect By Ryan Callahan.
10:59 of 1st period - Shot Blocked by Shea Weber.
10:59 of 1st period - Puck is out of play.
11:00 of 1st period - Jason Spezza wins face-off versus Pierre-Marc Bouchard in Red Wings zone.
11:16 of 1st period - Backhand shot by Jason Spezza.
11:16 of 1st period - Shot Blocked by Ryan Callahan.
11:24 of 1st period - Slapshot by Rick Nash.
11:24 of 1st period - Stopped by Miika Kiprusoff without a rebound.
11:25 of 1st period - Mike Ribeiro wins face-off versus Robert Dome in Canadiens zone.
11:36 of 1st period - Shea Weber is hit by Dennis Wideman.
12:11 of 1st period - Ryan Callahan is hit by Alex Picard.
12:22 of 1st period - Cody Franson is hit by Christian Laflamme and loses puck.
13:56 of 1st period - Wrist shot by Robert Dome.
13:56 of 1st period - Shot Blocked by Nicklas Lidstrom.
14:02 of 1st period - Minor Penalty to Nicklas Lidstrom for Hooking.
14:03 of 1st period - Patrick Marleau wins face-off versus Rick Nash in Canadiens zone.
14:30 of 1st period - Patrick Marleau is hit by Mike Brown and loses puck.
15:41 of 1st period - Rick Nash is hit by T.J. Fast and loses puck.
16:02 of 1st period - Penalty to Nicklas Lidstrom is over, Nicklas Lidstrom is back on ice.
16:10 of 1st period - Wrist shot by Brian Sutherby.
16:10 of 1st period - Stopped by Miika Kiprusoff with a rebound.
16:25 of 1st period - Wrist shot by Saku Koivu.
16:25 of 1st period - Shot Misses the Net.
16:27 of 1st period - Snap shot by Saku Koivu.
16:27 of 1st period - Shot Misses the Net.
16:29 of 1st period - Slapshot by Dennis Wideman.
16:29 of 1st period - Stopped by Scott Clemmensen with a rebound.
16:45 of 1st period - Wrist shot by Nicklas Lidstrom.
16:45 of 1st period - Shot Misses the Net.
16:47 of 1st period - Slapshot by Mike York.
16:47 of 1st period - Stopped by Scott Clemmensen without a rebound.
16:48 of 1st period - Mike Ribeiro wins face-off versus Shawn Horcoff in Red Wings zone.
17:59 of 1st period - Wrist shot by Brian Sutherby.
17:59 of 1st period - Deflect By Petr Pohl.
17:59 of 1st period - Stopped by Miika Kiprusoff with a rebound.
18:05 of 1st period - Patrick Marleau is hit by Alex Picard and loses puck.
Goals for this period are 0 for Canadiens vs 0 for Red Wings.
Shots for this period are 11 for Canadiens vs 13 for Red Wings.

2nd period


0:01 of 2nd period - Jason Spezza wins face-off versus Mike Ribeiro in neutral zone.
0:08 of 2nd period - Wrist shot by Martin Havlat.
0:08 of 2nd period - Shot Blocked by Patrick Marleau.
0:47 of 2nd period - Slapshot by Patrick Marleau.
0:47 of 2nd period - Shot Misses the Net.
0:49 of 2nd period - Slapshot by Cody Franson.
0:49 of 2nd period - Stopped by Scott Clemmensen with a rebound.
2:04 of 2nd period - Brett Clark is hit by Michal Grosek and loses puck.
2:21 of 2nd period - Slapshot by Jason Spezza.
2:21 of 2nd period - Stopped by Miika Kiprusoff with a rebound.
3:43 of 2nd period - Radim Vrbata is hit by Carson Mcmillan and loses puck.
4:08 of 2nd period - Snap shot by Saku Koivu.
4:08 of 2nd period - Deflect By Michel Ouellet.
4:08 of 2nd period - Shot Blocked by Shea Weber.
4:08 of 2nd period - Puck is out of play.
4:09 of 2nd period - Michel Ouellet wins face-off versus Jason Spezza in Red Wings zone.
4:22 of 2nd period - Mike York is hit by Richard Jackman.
5:06 of 2nd period - Wrist shot by Mike Brown.
5:06 of 2nd period - Stopped by Miika Kiprusoff without a rebound.
5:07 of 2nd period - Jason Spezza wins face-off versus Mike Ribeiro in Canadiens zone.
5:08 of 2nd period - Wrist shot by Rick Nash.
5:08 of 2nd period - Shot Misses the Net.
5:20 of 2nd period - Wrist shot by Rick Nash.
5:20 of 2nd period - Shot Misses the Net.
5:22 of 2nd period - Snap shot by Martin Havlat.
5:22 of 2nd period - Deflect By Rick Nash.
5:22 of 2nd period - Stopped by Miika Kiprusoff without a rebound.
5:23 of 2nd period - Mike Richards wins face-off versus Mike Ribeiro in Canadiens zone.
5:24 of 2nd period - Wrist shot by Robert Dome.
5:24 of 2nd period - Shot Blocked by Mike Ribeiro.
5:48 of 2nd period - Nicklas Lidstrom is hit by Shea Weber.
5:56 of 2nd period - Snap shot by Shawn Horcoff.
5:56 of 2nd period - Shot Misses the Net.
5:58 of 2nd period - Snap shot by Carson Mcmillan.
5:58 of 2nd period - Shot Blocked by Nicklas Lidstrom.
6:00 of 2nd period - Snap shot by Shawn Horcoff.
6:00 of 2nd period - Deflect By Nicklas Lidstrom.
6:00 of 2nd period - Stopped by Miika Kiprusoff with a rebound.
6:27 of 2nd period - Snap shot by Pierre-Marc Bouchard.
6:27 of 2nd period - Stopped by Scott Clemmensen without a rebound.
6:28 of 2nd period - Mike Richards wins face-off versus Pierre-Marc Bouchard in Red Wings zone.
6:30 of 2nd period - Minor Penalty to Robert Dome for Holding.
6:31 of 2nd period - Jason Spezza wins face-off versus Mike Ribeiro in Red Wings zone.
6:31 of 2nd period - Jason Spezza is hit by Patrick Marleau.
7:10 of 2nd period - Slapshot by Mike Richards.
7:10 of 2nd period - Stopped by Miika Kiprusoff with a rebound.
8:30 of 2nd period - Penalty to Robert Dome is over, Robert Dome is back on ice.
8:32 of 2nd period - Ryan Callahan is hit by Robert Dome and loses puck.
8:53 of 2nd period - Snap shot by Jamie Lundmark.
8:53 of 2nd period - Stopped by Scott Clemmensen without a rebound.
8:54 of 2nd period - Jamie Lundmark wins face-off versus Carson Mcmillan in Red Wings zone.
9:13 of 2nd period - Snap shot by Riley Cote.
9:13 of 2nd period - Stopped by Scott Clemmensen with a rebound.
9:21 of 2nd period - Minor Penalty to Ryan Callahan for Tripping.
9:22 of 2nd period - Mike Richards wins face-off versus Patrick Marleau in Canadiens zone.
9:29 of 2nd period - Snap shot by Mike Richards.
9:29 of 2nd period - Deflect By Robert Dome.
9:29 of 2nd period - Shot Misses the Net.
9:29 of 2nd period - Puck is out of play.
9:30 of 2nd period - Mike Richards wins face-off versus Patrick Marleau in Canadiens zone.
9:35 of 2nd period - Wrist shot by Mike Brown.
9:35 of 2nd period - Stopped by Miika Kiprusoff with a rebound.
9:37 of 2nd period - Wrist shot by Mike Brown.
9:37 of 2nd period - Red Wings goal is going for a video replay.
9:37 of 2nd period - The goal is refused. The puck has entered the net after making contact with an attacking player’s stick that is above the height of the crossbar..
9:38 of 2nd period - Martin Havlat wins face-off versus Patrick Marleau in Canadiens zone.
10:03 of 2nd period - Dennis Wideman is hit by Paul Martin.
10:07 of 2nd period - Wrist shot by Rick Nash.
10:07 of 2nd period - Deflect By Jason Spezza.
10:07 of 2nd period - Shot Blocked by Patrick Marleau.
10:07 of 2nd period - Puck is out of play.
10:08 of 2nd period - Patrick Marleau wins face-off versus Mike Richards in Canadiens zone.
10:21 of 2nd period - Snap shot by Mike Richards.
10:21 of 2nd period - Shot Misses the Net.
11:21 of 2nd period - Penalty to Ryan Callahan is over, Ryan Callahan is back on ice.
11:41 of 2nd period - Wrist shot by Michal Grosek.
11:41 of 2nd period - Stopped by Miika Kiprusoff without a rebound.
11:42 of 2nd period - Saku Koivu wins face-off versus Brian Sutherby in Canadiens zone.
11:50 of 2nd period - Icing by Paul Martin.
11:51 of 2nd period - Brian Sutherby wins face-off versus Saku Koivu in Red Wings zone.
12:02 of 2nd period - Wrist shot by Brian Sutherby.
12:02 of 2nd period - Stopped by Miika Kiprusoff without a rebound.
12:03 of 2nd period - Mike Ribeiro wins face-off versus Jason Spezza in Canadiens zone.
12:07 of 2nd period - Nicklas Lidstrom is hit by Martin Havlat and loses puck.
12:28 of 2nd period - Dennis Wideman is hit by Paul Martin and loses puck.
12:33 of 2nd period - Slapshot by Mike Richards.
12:33 of 2nd period - Goal by Mike Richards - Canadiens : 0 - Red Wings : 1.
12:34 of 2nd period - Patrick Marleau wins face-off versus Jason Spezza in neutral zone.
12:59 of 2nd period - Mike Brown is hit by Dennis Wideman and loses puck.
13:06 of 2nd period - Wrist shot by Mike York.
13:06 of 2nd period - Stopped by Scott Clemmensen with a rebound.
13:48 of 2nd period - Snap shot by Shawn Horcoff.
13:48 of 2nd period - Stopped by Miika Kiprusoff without a rebound.
13:49 of 2nd period - Mike Ribeiro wins face-off versus Jason Spezza in Canadiens zone.
13:54 of 2nd period - Martin Havlat is hit by Mike Ribeiro and loses puck.
14:05 of 2nd period - Wrist shot by Mike Ribeiro.
14:05 of 2nd period - Stopped by Scott Clemmensen without a rebound.
14:06 of 2nd period - Mike Richards wins face-off versus Saku Koivu in Red Wings zone.
14:06 of 2nd period - Mike Richards is hit by Saku Koivu.
14:09 of 2nd period - Paul Martin is hit by Mike York and loses puck.
14:16 of 2nd period - Wrist shot by Mike Richards.
14:16 of 2nd period - Stopped by Miika Kiprusoff without a rebound.
14:16 of 2nd period - Minor Penalty to Miika Kiprusoff for Delaying the game.
14:17 of 2nd period - Jason Spezza wins face-off versus Patrick Marleau in Canadiens zone.
16:16 of 2nd period - Penalty to Dennis Wideman is over, Dennis Wideman is back on ice.
16:24 of 2nd period - Slapshot by Brett Clark.
16:24 of 2nd period - Shot Blocked by Shawn Horcoff.
16:26 of 2nd period - Snap shot by Pierre-Marc Bouchard.
16:26 of 2nd period - Deflect By Riley Cote.
16:26 of 2nd period - Stopped by Scott Clemmensen without a rebound.
16:27 of 2nd period - Shawn Horcoff wins face-off versus Pierre-Marc Bouchard in Red Wings zone.
16:27 of 2nd period - Shawn Horcoff is hit by Riley Cote.
16:45 of 2nd period - Christian Laflamme is hit by Riley Cote.
16:53 of 2nd period - Riley Cote is hit by Christian Laflamme and loses puck.
17:06 of 2nd period - Snap shot by Michal Grosek.
17:06 of 2nd period - Shot Blocked by Dennis Wideman.
17:08 of 2nd period - Snap shot by Carson Mcmillan.
17:08 of 2nd period - Shot Blocked by Dennis Wideman.
17:38 of 2nd period - Slapshot by Michal Grosek.
17:38 of 2nd period - Shot Misses the Net.
17:40 of 2nd period - Wrist shot by Michal Grosek.
17:40 of 2nd period - Goal by Michal Grosek - Canadiens : 0 - Red Wings : 2.
17:41 of 2nd period - Mike Ribeiro wins face-off versus Jason Spezza in neutral zone.
17:53 of 2nd period - Wrist shot by Jason Spezza.
17:53 of 2nd period - Stopped by Miika Kiprusoff with a rebound.
18:27 of 2nd period - Snap shot by Jamie Lundmark.
18:27 of 2nd period - Stopped by Scott Clemmensen without a rebound.
18:28 of 2nd period - Jamie Lundmark wins face-off versus Brian Sutherby in Red Wings zone.
18:53 of 2nd period - Mike York is hit by Martin Havlat and loses puck.
18:58 of 2nd period - Slapshot by Jason Spezza.
18:58 of 2nd period - Deflect By Mike York.
18:58 of 2nd period - Shot Misses the Net.
18:58 of 2nd period - Puck is out of play.
18:59 of 2nd period - Saku Koivu wins face-off versus Jason Spezza in Canadiens zone.
18:59 of 2nd period - Saku Koivu is hit by Ossi Vaananen.
19:07 of 2nd period - Snap shot by Brett Clark.
19:07 of 2nd period - Shot Blocked by Christian Laflamme.
19:17 of 2nd period - Martin Havlat is hit by Brett Clark and loses puck.
19:32 of 2nd period - Slapshot by Mike Brown.
19:32 of 2nd period - Goal by Mike Brown - Canadiens : 0 - Red Wings : 3.
19:33 of 2nd period - Patrick Marleau wins face-off versus Jason Spezza in neutral zone.
19:35 of 2nd period - Minor Penalty to Mike Ribeiro for Hooking.
19:36 of 2nd period - Patrick Marleau wins face-off versus Jason Spezza in Canadiens zone.
19:44 of 2nd period - Nicklas Lidstrom is hit by Martin Havlat and loses puck.
19:49 of 2nd period - Snap shot by Rick Nash.
19:49 of 2nd period - Goal by Rick Nash - Canadiens : 0 - Red Wings : 4.
19:50 of 2nd period - Mike Ribeiro wins face-off versus Jason Spezza in neutral zone.
19:54 of 2nd period - Paul Martin beats up Dennis Wideman.
19:54 of 2nd period - Penalty to Paul Martin for Fighting.
19:54 of 2nd period - Penalty to Dennis Wideman for Fighting.
19:55 of 2nd period - Mike Ribeiro wins face-off versus Jason Spezza in Canadiens zone.
Goals for this period are 0 for Canadiens vs 4 for Red Wings.
Shots for this period are 8 for Canadiens vs 16 for Red Wings.

3rd period


0:01 of 3rd period - Mike Ribeiro wins face-off versus Jason Spezza in neutral zone.
0:06 of 3rd period - Wrist shot by Patrick Marleau.
0:06 of 3rd period - Shot Misses the Net.
0:08 of 3rd period - Snap shot by Radim Vrbata.
0:08 of 3rd period - Shot Misses the Net.
0:09 of 3rd period - Radim Vrbata beats up Shea Weber.
0:09 of 3rd period - Penalty to Shea Weber for Fighting.
0:09 of 3rd period - Penalty to Radim Vrbata for Fighting.
0:09 of 3rd period - Penalty to Radim Vrbata for instigated a fight.
0:09 of 3rd period - Penalty to Radim Vrbata for instigated a fight.
0:10 of 3rd period - Patrick Marleau wins face-off versus Jason Spezza in Red Wings zone.
0:21 of 3rd period - Cody Franson is hit by Jason Spezza and loses puck.
2:09 of 3rd period - Penalty to Radim Vrbata is over, Michel Ouellet is send on ice.
2:27 of 3rd period - Off-side.
2:28 of 3rd period - Saku Koivu wins face-off versus Petr Pohl in neutral zone.
2:36 of 3rd period - Saku Koivu is hit by Brian Sutherby and loses puck.
2:53 of 3rd period - Maxim Kondratiev is hit by Riley Cote.
2:57 of 3rd period - Ryan Callahan is hit by Ossi Vaananen.
3:05 of 3rd period - Ryan Callahan is hit by Maxim Kondratiev.
3:09 of 3rd period - Ossi Vaananen is hit by Riley Cote and loses puck.
3:44 of 3rd period - Snap shot by Saku Koivu.
3:44 of 3rd period - Stopped by Scott Clemmensen without a rebound.
3:45 of 3rd period - Jason Spezza wins face-off versus Mike Ribeiro in Red Wings zone.
4:18 of 3rd period - Wrist shot by Jason Spezza.
4:18 of 3rd period - Deflect By Martin Havlat.
4:18 of 3rd period - Shot Misses the Net.
4:18 of 3rd period - Puck is out of play.
4:19 of 3rd period - Mike Richards wins face-off versus Mike Ribeiro in Canadiens zone.
4:24 of 3rd period - Snap shot by Mike Brown.
4:24 of 3rd period - Stopped by Miika Kiprusoff without a rebound.
4:25 of 3rd period - Mike Richards wins face-off versus Mike Ribeiro in Canadiens zone.
4:30 of 3rd period - Wrist shot by Mike Richards.
4:30 of 3rd period - Shot Misses the Net.
4:32 of 3rd period - Snap shot by Christian Laflamme.
4:32 of 3rd period - Stopped by Miika Kiprusoff without a rebound.
4:33 of 3rd period - Jason Spezza wins face-off versus Mike Ribeiro in Canadiens zone.
4:46 of 3rd period - Slapshot by Jason Spezza.
4:46 of 3rd period - Shot Misses the Net.
5:07 of 3rd period - Slapshot by Robert Dome.
5:07 of 3rd period - Shot Misses the Net.
5:43 of 3rd period - Snap shot by Martin Havlat.
5:43 of 3rd period - Shot Blocked by Riley Cote.
5:51 of 3rd period - Minor Penalty to Riley Cote for Hooking.
5:52 of 3rd period - Jason Spezza wins face-off versus Mike Ribeiro in Canadiens zone.
5:57 of 3rd period - Slapshot by Martin Havlat.
5:57 of 3rd period - Goal by Martin Havlat - Canadiens : 0 - Red Wings : 5.
5:58 of 3rd period - Mike Ribeiro wins face-off versus Jason Spezza in neutral zone.
6:53 of 3rd period - Off-side.
6:54 of 3rd period - Jason Spezza wins face-off versus Saku Koivu in neutral zone.
7:02 of 3rd period - Minor Penalty to Brett Clark for High sticking.
7:03 of 3rd period - Jason Spezza wins face-off versus Patrick Marleau in Canadiens zone.
7:07 of 3rd period - Wrist shot by Jason Spezza.
7:07 of 3rd period - Stopped by Miika Kiprusoff without a rebound.
7:08 of 3rd period - Jason Spezza wins face-off versus Mike Ribeiro in Canadiens zone.
7:21 of 3rd period - Backhand shot by Martin Havlat.
7:21 of 3rd period - Stopped by Miika Kiprusoff without a rebound.
7:22 of 3rd period - Jason Spezza wins face-off versus Patrick Marleau in Canadiens zone.
7:23 of 3rd period - Wrist shot by Martin Havlat.
7:23 of 3rd period - Stopped by Miika Kiprusoff without a rebound.
7:24 of 3rd period - Patrick Marleau wins face-off versus Jason Spezza in Canadiens zone.
7:49 of 3rd period - Paul Martin is hit by Mike York and loses puck.
9:02 of 3rd period - Penalty to Brett Clark is over, Brett Clark is back on ice.
9:02 of 3rd period - Icing by Josh Gorges.
9:03 of 3rd period - Jason Spezza wins face-off versus Patrick Marleau in Canadiens zone.
9:12 of 3rd period - Snap shot by Alex Picard.
9:12 of 3rd period - Stopped by Miika Kiprusoff with a rebound.
9:14 of 3rd period - Snap shot by Alex Picard.
9:14 of 3rd period - Shot Misses the Net.
9:16 of 3rd period - Snap shot by Petr Pohl.
9:16 of 3rd period - Stopped by Miika Kiprusoff with a rebound.
9:18 of 3rd period - Wrist shot by Brian Sutherby.
9:18 of 3rd period - Shot Misses the Net.
9:33 of 3rd period - Off-side.
9:34 of 3rd period - Shawn Horcoff wins face-off versus Saku Koivu in neutral zone.
10:09 of 3rd period - 10 Minutes Game Misconduct Penalty to Radim Vrbata is over.
10:26 of 3rd period - Minor Penalty to Petr Pohl for Hooking.
10:27 of 3rd period - Jason Spezza wins face-off versus Saku Koivu in Red Wings zone.
10:55 of 3rd period - Backhand shot by Radim Vrbata.
10:55 of 3rd period - Shot Blocked by Paul Martin.
10:57 of 3rd period - Slapshot by Dennis Wideman.
10:57 of 3rd period - Deflect By Jason Spezza.
10:57 of 3rd period - Stopped by Scott Clemmensen with a rebound.
11:55 of 3rd period - Michel Ouellet is hit by Christian Laflamme and loses puck.
12:26 of 3rd period - Penalty to Petr Pohl is over, Petr Pohl is back on ice.
13:07 of 3rd period - Dennis Wideman is hit by Maxim Kondratiev and loses puck.
13:22 of 3rd period - Ryan Callahan is hit by Brian Sutherby and loses puck.
13:39 of 3rd period - Matt Carle is hit by Maxim Kondratiev.
14:02 of 3rd period - Icing by Matt Carle.
14:03 of 3rd period - Saku Koivu wins face-off versus Shawn Horcoff in Canadiens zone.
14:08 of 3rd period - Snap shot by Carson Mcmillan.
14:08 of 3rd period - Shot Blocked by Mike York.
14:10 of 3rd period - Slapshot by Ossi Vaananen.
14:10 of 3rd period - Shot Blocked by Brett Clark.
14:12 of 3rd period - Slapshot by Christian Laflamme.
14:12 of 3rd period - Deflect By Michal Grosek.
14:12 of 3rd period - Stopped by Miika Kiprusoff with a rebound.
14:14 of 3rd period - Wrist shot by Michal Grosek.
14:14 of 3rd period - Stopped by Miika Kiprusoff without a rebound.
14:15 of 3rd period - Mike Ribeiro wins face-off versus Jason Spezza in Canadiens zone.
14:19 of 3rd period - Minor Penalty to Mike Ribeiro for Hooking.
14:20 of 3rd period - Patrick Marleau wins face-off versus Jason Spezza in Canadiens zone.
14:57 of 3rd period - Slapshot by Paul Martin.
14:57 of 3rd period - Deflect By Mike Richards.
14:57 of 3rd period - Goal by Mike Richards - Canadiens : 0 - Red Wings : 6.
14:58 of 3rd period - Mike Ribeiro wins face-off versus Martin Havlat in neutral zone.
15:05 of 3rd period - Wrist shot by Patrick Marleau.
15:05 of 3rd period - Shot Blocked by Paul Martin.
15:07 of 3rd period - Snap shot by Patrick Marleau.
15:07 of 3rd period - Shot Blocked by Paul Martin.
15:09 of 3rd period - Wrist shot by Dennis Wideman.
15:09 of 3rd period - Stopped by Scott Clemmensen without a rebound.
15:10 of 3rd period - Jason Spezza wins face-off versus Mike Ribeiro in Red Wings zone.
15:23 of 3rd period - Shea Weber is hit by Nicklas Lidstrom and loses puck.
15:50 of 3rd period - Wrist shot by Saku Koivu.
15:50 of 3rd period - Shot Blocked by Mike Richards.
16:04 of 3rd period - Brett Clark is hit by Carson Mcmillan and loses puck.
16:21 of 3rd period - Petr Pohl is hit by Patrick Marleau and loses puck.
17:33 of 3rd period - Slapshot by Rick Nash.
17:33 of 3rd period - Stopped by Miika Kiprusoff without a rebound.
17:34 of 3rd period - Michel Ouellet wins face-off versus Jason Spezza in Canadiens zone.
17:39 of 3rd period - Wrist shot by Mike York.
17:39 of 3rd period - Stopped by Scott Clemmensen with a rebound.
17:41 of 3rd period - Wrist shot by Michel Ouellet.
17:41 of 3rd period - Goal by Michel Ouellet - Canadiens : 1 - Red Wings : 6.
17:42 of 3rd period - Mike Ribeiro wins face-off versus Jason Spezza in neutral zone.
18:14 of 3rd period - Snap shot by Robert Dome.
18:14 of 3rd period - Shot Misses the Net.
18:16 of 3rd period - Snap shot by Mike Richards.
18:16 of 3rd period - Stopped by Miika Kiprusoff without a rebound.
18:17 of 3rd period - Jason Spezza wins face-off versus Mike Ribeiro in Canadiens zone.
18:26 of 3rd period - Snap shot by Martin Havlat.
18:26 of 3rd period - Shot Misses the Net.
18:38 of 3rd period - Minor Penalty to Brett Clark for Hooking.
18:39 of 3rd period - Patrick Marleau wins face-off versus Jason Spezza in Canadiens zone.
18:39 of 3rd period - Dennis Wideman is hit by Martin Havlat and loses puck.
19:10 of 3rd period - Wrist shot by Mike Richards.
19:10 of 3rd period - Stopped by Miika Kiprusoff without a rebound.
19:11 of 3rd period - Jason Spezza wins face-off versus Patrick Marleau in Canadiens zone.
Goals for this period are 1 for Canadiens vs 2 for Red Wings.
Shots for this period are 5 for Canadiens vs 14 for Red Wings.


Output by the SimonT Hockey Simulator (STHS) for François Prévost -- Original Page W3C XHTML 1.0 Valid
Hockey Simulator - Hockey Simulation - Hockey Manager